 Dungeon Crawl Stone Soup version 0.28.0 (webtiles) character file.

Game seed: 5952550260763070029

105537 mdonais the Blocker (level 16, -11/112 HPs)
             Began as an Octopode Hedge Wizard on Feb 17, 2022.
             Was the Champion of Jiyva.
             Mangled by a phantasmal warrior (33 damage)
             ... on level 14 of the Dungeon on Feb 18, 2022.
             The game lasted 02:32:22 (24725 turns).

mdonais the Blocker (Octopode Hedge Wizard)        Turns: 24725, Time: 02:32:23

Health: -11/112    AC:  7    Str: 21    XL:     16   Next: 6%
Magic:  40/46      EV: 19    Int: 26    God:    Jiyva [******]
Gold:   959        SH: 13    Dex: 21    Spells: 2/31 levels left

rFire   . . .      SeeInvis +   a - +5 trident (venom)
rCold   . . .      Faith    .   r - +0 kite shield
rNeg    . . .      Spirit   .   b - +0 hat
rPois   +          Reflect  .   (no amulet)
rElec   .          Harm     .   n - +6 ring of dexterity
rCorr   +          Rampage  .   O - ring "Bulemu" {MP+9 Str+4}
Will    +....                   P - ring of magical power
Stlth   +++++.....              S - +6 ring of intelligence
HPRegen 1.88/turn               R - ring "Oxuet" {Wiz Dex+2}
MPRegen 0.80/turn               X - ring of wizardry
                                w - ring of Vanity {rPois rCorr Str+7 Int-2 Slay+4}
                                s - ring of see invisible

@: studying 2 skills
A: almost no armour, amphibious, 8 rings, camouflage 1, gelatinous body 1,
(nimble swimmer 1), tentacles, iridescent scales 3, poison resistance, wild
magic 3, tendrils, jelly absorbing missiles, no potion heal 1, MP-powered wands,
engulf
}: 1/15 runes: slimy
a: Renounce Religion, Oozemancy, Slimify


You were on level 14 of the Dungeon.
You worshipped Jiyva.
Jiyva was exalted by your worship.
You visited 5 branches of the dungeon, and saw 28 of its levels.
You also visited: Sewer.

You collected 1427 gold pieces.
You spent 468 gold pieces at shops.

Inventory:

Hand Weapons
 a - a +5 trident of venom (weapon)
   (You acquired it on level 4 of the Dungeon)
 L - the +8 hand crossbow of Fedhas {flame, Dex+2}
   (You found it on level 5 of the Pits of Slime)

   Any ammunition fired from it burns those it strikes, dealing additional fire
   damage.
   Dex:       It affects your dexterity (+2).
 N - the +4 hunting sling of Springtime {venom, rN+++ SInv Stlth+}
   (You found it on level 5 of the Pits of Slime)

   Any ammunition fired from it poisons the flesh of those it strikes.
   rN:        It renders you almost immune to negative energy.
   SInv:      It lets you see invisible.
   Stlth:     It makes you more stealthy.
 W - a +2 rapier of distortion
   (You found it on level 6 of the Lair of Beasts)
Missiles
 e - 502 stones
 f - 345 arrows
 k - 38 poisoned darts
 m - 111 bolts
 t - 9 boomerangs (quivered)
 v - 2 javelins
 y - 73 sling bullets
 F - a curare-tipped dart
 Z - 2 throwing nets {=!f}
Armour
 b - a +0 hat (worn)
 r - a +0 kite shield (worn)
   (You found it on level 5 of the Dungeon)
Jewellery
 n - a +6 ring of dexterity (left tentacle)
   (You found it on level 5 of the Dungeon)
 s - a ring of see invisible (on tentacle)
   (You took it off a deep elf pyromancer on level 12 of the Dungeon)
 w - the ring of Vanity (on tentacle) {rPois rCorr Str+7 Int-2 Slay+4}
   (You took it off a spriggan on level 6 of the Lair of Beasts)

   [ring of slaying]

   Str:       It affects your strength (+7).
   Int:       It affects your intelligence (-2).
   Slay:      It affects your accuracy & damage with ranged weapons and melee
   (+4).
   rPois:     It protects you from poison.
   rCorr:     It protects you from acid and corrosion.
 O - the ring "Bulemu" (right tentacle) {MP+9 Str+4}
   (You found it on level 5 of the Pits of Slime)

   [ring of magical power]

   Str:       It affects your strength (+4).
   MP:        It affects your magic capacity (+9).
 P - a ring of magical power (on tentacle)
   (You found it on level 6 of the Lair of Beasts)
 R - the ring "Oxuet" (on tentacle) {Wiz Dex+2}
   (You found it on level 6 of the Lair of Beasts)

   [ring of wizardry]

   It improves your spell success rate.
   Dex:       It affects your dexterity (+2).
 S - a +6 ring of intelligence (on tentacle)
   (You found it on level 6 of the Lair of Beasts)
 X - a ring of wizardry (on tentacle)
   (You found it on level 6 of the Lair of Beasts)
Wands
 V - a wand of flame (21)
   (You took it off an orc on level 8 of the Dungeon)
Scrolls
 c - 2 scrolls of immolation
 B - 3 scrolls of blinking
 C - 2 scrolls of fog
 D - a scroll of summoning
 E - 2 scrolls of vulnerability
 G - 4 scrolls of noise {unknown}
 I - 3 scrolls of fear
 M - 2 scrolls of magic mapping
 T - 4 scrolls of teleportation
 U - 2 scrolls of enchant armour {unknown}
Potions
 d - 4 potions of heal wounds
 g - a potion of attraction
 i - 2 potions of berserk rage {unknown}
 j - 5 potions of might
 l - 3 potions of flight
 o - 3 potions of mutation {unknown}
 p - a potion of cancellation
 q - 2 potions of resistance
 u - 2 potions of lignification {unknown}
 z - a potion of magic {unknown}
 H - 2 potions of haste
 K - 3 potions of invisibility
 Q - 3 potions of curing
Miscellaneous
 h - a lightning rod (4/4)
   (You found it on level 10 of the Dungeon)
 J - a condenser vane
   (You found it on level 3 of the Lair of Beasts)
 Y - a tin of tremorstones (2/2)
   (You found it on level 6 of the Lair of Beasts)


   Skills:
 - Level 11.2 Fighting
 - Level 9.5 Polearms
 - Level 9.6 Dodging
 - Level 7.0 Stealth
 + Level 12.1 Shields
 - Level 8.3 Spellcasting
 - Level 8.0 Conjurations
 - Level 5.0 Summonings
 - Level 3.0 Translocations
 - Level 3.0 Fire Magic
 - Level 9.6 Ice Magic
 - Level 6.0 Air Magic
 - Level 6.0 Poison Magic
 - Level 6.5 Evocations


You had 2 spell levels left.
You knew the following spells:

 Your Spells              Type           Power      Damage    Failure   Level
a - Magic Dart            Conj           100%       1d8       1%          1
b - Poisonous Vapours     Pois/Air       100%       N/A       2%          2
c - Mephitic Cloud        Conj/Pois/Air  72%        N/A       3%          3
d - Freezing Cloud        Conj/Ice/Air   39%        6-21      9%          5
e - Hailstorm             Conj/Ice       82%        3d17      3%          4
f - Blink                 Tloc           100%       N/A       4%          2
g - Apportation           Tloc           100%       N/A       3%          1
h - Call Imp              Summ           63%        N/A       3%          2
i - Conjure Flame         Conj/Fire      66%        6-21      4%          3
j - Statue Form           Tmut/Erth      13%        N/A       99%         6

Your spell library contained the following spells:

 Spells                   Type           Power      Damage    Failure   Level
 Freeze                   Ice            100%       1d11      1%          1
 Static Discharge         Conj/Air       74%        N/A       1%          2
 Sting                    Tmut/Pois      100%       1d8       3%          1
 Corpse Rot               Necr/Air       100%       N/A       4%          2
 Slow                     Hex            80%        N/A       9%          1
 Sublimation of Blood     Necr           20%        N/A       12%         2
 Wereblood                Tmut           20%        N/A       12%         2
 Frozen Ramparts          Ice            100%       1d12      1%          3
 Gell's Gravitas          Tloc           50%        N/A       8%          3
 Ignite Poison            Fire/Tmut/Pois 50%        N/A       8%          3
 Lesser Beckoning         Tloc           50%        N/A       8%          3
 Teleport Other           Tloc           50%        N/A       8%          3
 Sticky Flame             Conj/Fire      66%        2d8       9%          4
 Tukima's Dance           Hex            20%        N/A       19%         3
 Alistair's Intoxication  Tmut/Pois      33%        N/A       38%         5
 Anguish                  Hex/Necr       10%        N/A       45%         4
 Dispel Undead            Necr           20%        3d11      45%         4
 Leda's Liquefaction      Hex/Erth       10%        N/A       45%         4
 Lee's Rapid Deconstruct  Erth           10%        3d9*      75%         5
 Summon Hydra             Summ           31%        N/A       98%         7
 Death Channel            Necr           10%        N/A       99%         6
 Enfeeble                 Hex            10%        N/A       100%        7


Dungeon Overview and Level Annotations

Branches:
Dungeon (14/15)            Temple (1/1) D:6            Lair (6/6) D:8
 Shoals (0/4) Lair:4       Spider (0/4) Lair:4        Slime (5/5) Lair:5
    Orc (2/2) D:12            Elf (0/3) Orc:2        Vaults (0/5) D:14
  Sewer (visited)

Altars:
Cheibriados
Dithmenos
Elyvilon
Fedhas
Gozag
Hepliaklqana
Kikubaaqudgha
Makhleb
Nemelex Xobeh
Qazlal
Ru
Sif Muna
Uskayaw
Vehumet
Wu Jian
Xom
Yredelemnul
Zin
The Shining One
Beogh
Jiyva
Lugonu

Shops:
D:11 :   D:12 [[!:[   Orc:2 :*[(!

Portals:
Abyss: Lair:6

Annotations:
Lair:2 2 transporters, exclusion: oklob plant, croobank's ghost, journeyman DrTm
Slime:5 Royal Jelly


Innate Abilities, Weirdness & Mutations

You cannot wear most types of armour.
You are amphibious.
You can wear up to eight rings at the same time.
Your skin changes colour to match your surroundings (Stealth+).
Your rubbery body absorbs attacks. (AC +1, EV +1)
((You are camouflaged when in or above water. (Stealth+)))
You have tentacles for arms and can constrict up to eight enemies at once.
You are completely covered in iridescent scales. (AC +6)
Your system is resistant to poisons. (rPois)
Your spells are much harder to cast, but much more powerful.
You are covered in slimy tendrils that may disarm your opponents.
You have a small jelly attached to you that may absorb projectiles.
Potions are less effective at restoring your health.
You expend magic power (3 MP) to strengthen your wands.
Your melee attacks may engulf your foes in ooze.


Message History

You regained 2 hp, and now have 84/112 hp.
You hit the skeletal warrior but do no damage.
The skeletal warrior is heavily damaged.
You constrict the skeletal warrior.
The skeletal warrior is engulfed in freezing vapours.
You block the skeletal warrior's attack.
You regained 2 hp, and now have 86/112 hp.
You hit the skeletal warrior.
The skeletal warrior is severely damaged.
You constrict the skeletal warrior!
The catoblepas is engulfed in freezing vapours.
The skeletal warrior is engulfed in freezing vapours.
The skeletal warrior hits you with a +0 dire flail!
You take 10 damage, and have 76/112 hp.
MP restored: 46 You hit the skeletal warrior.
You engulf the skeletal warrior in ooze!
You squeeze the skeletal warrior.
You destroy the skeletal warrior!
The catoblepas is engulfed in freezing vapours.
You regained 2 hp, and now have 78/112 hp.
You puncture the catoblepas!
The catoblepas is poisoned.
The catoblepas is severely wounded.
The catoblepas is engulfed in freezing vapours.
The catoblepas gores you!
You take 15 damage, and have 63/112 hp.
You hit the catoblepas but do no damage.
You tentacle-slap the catoblepas, but do no damage.
You squeeze the catoblepas, but do no damage.
The catoblepas is severely wounded.
The catoblepas is engulfed in freezing vapours.
You block the catoblepas's attack.
You hear a distant slurping noise.
You regained 2 hp, and now have 65/112 hp.
You puncture the catoblepas!
The catoblepas looks as sick as possible!
The catoblepas is almost dead.
The catoblepas is engulfed in freezing vapours.
You kill the catoblepas!
You regained 2 hp, and now have 67/112 hp.
You hear a distant slurping noise.
You hear a squelching noise.
You regained 2 hp, and now have 69/112 hp.
You regained 2 hp, and now have 71/112 hp.
You regained 2 hp, and now have 73/112 hp.
You regained 2 hp, and now have 75/112 hp.
You regained 2 hp, and now have 77/112 hp.
You regained 2 hp, and now have 80/112 hp.
You regained 2 hp, and now have 82/112 hp.
Things that are here:
a +0 dire flail; a catoblepas corpse You regained 2 hp, and now have 84/112 hp.
You regained 2 hp, and now have 86/112 hp.
You regained 2 hp, and now have 88/112 hp.
You regained 2 hp, and now have 90/112 hp.
You regained 2 hp, and now have 92/112 hp.
You regained 2 hp, and now have 94/112 hp.
You regained 2 hp, and now have 97/112 hp.
You open the door.
A centaur warrior, a fire giant, a phantasmal warrior and a deep troll earth mage come into view.
The fire giant is wielding a +2 great sword of flaming.
You regained 2 hp, and now have 99/112 hp.
Casting: Freezing Cloud (dangerous; 9% risk of failure)
Confirm with . or Enter, or press ? or * to list all spells.
Aiming: Freezing Cloud (dangerous; 9% risk of failure)
Press: ? - help, Dir - move target The fire giant shouts!
The deep troll earth mage shouts!
The centaur warrior shouts!
The centaur warrior is engulfed in freezing vapours.
The deep troll earth mage is engulfed in freezing vapours.
The phantasmal warrior is engulfed in freezing vapours.
The fire giant is engulfed in freezing vapours.
You regained 2 hp, and now have 101/112 hp.
You now have 41/46 mp.
Casting: Freezing Cloud (dangerous; 9% risk of failure)
Confirm with . or Enter, or press ? or * to list all spells.
Aiming: Mephitic Cloud (mildly dangerous; 3% risk of failure)
Press: ? - help, Shift-Dir - straight line The ball explodes into a vile cloud!
The stinking cloud engulfs the deep troll earth mage but does no damage.
The deep troll earth mage is lightly wounded.
The stinking cloud engulfs the phantasmal warrior but does no damage.
The phantasmal warrior is lightly damaged.
The stinking cloud engulfs the fire giant but does no damage.
The fire giant is lightly wounded.
The stinking cloud engulfs you but does no damage.
You hear a shout!
The centaur warrior is engulfed in freezing vapours. x2
The fire giant is engulfed in freezing vapours.
The phantasmal warrior is engulfed in freezing vapours.
The deep troll earth mage is engulfed in noxious fumes.
The deep troll earth mage bites you! The deep troll earth mage claws you!
The deep troll earth mage barely misses you.
You take 14 damage, and have 87/112 hp.
You now have 39/46 mp.
You puncture the deep troll earth mage! You squeeze the deep troll earth mage.
The deep troll earth mage is heavily wounded.
The centaur warrior is engulfed in freezing vapours.
The phantasmal warrior is engulfed in freezing vapours.
The phantasmal warrior gestures at you.
The phantasmal warrior blinks!
The fire giant is engulfed in freezing vapours.
The deep troll earth mage is engulfed in noxious fumes.
The deep troll earth mage bites you!
The deep troll earth mage completely misses you.
You block the deep troll earth mage's attack.
You take 15 damage, and have 72/112 hp.
You hit the deep troll earth mage.
The deep troll earth mage is poisoned.
You squeeze the deep troll earth mage.
The deep troll earth mage is severely wounded.
The centaur warrior is engulfed in freezing vapours.
The fire giant is engulfed in freezing vapours.
The phantasmal warrior hits you.
You take 1 damage, and have 71/112 hp.
You puncture the deep troll earth mage! You squeeze the deep troll earth mage.
You kill the deep troll earth mage!
The centaur warrior is engulfed in freezing vapours.
The centaur warrior wields a +0 shortbow.
The centaur warrior shoots an arrow.
The arrow hits you!!
The centaur warrior is engulfed in freezing vapours.
You kill the centaur warrior!
Your Shields skill increases to level 12!
You take 19 damage, and have 52/112 hp.
Unknown command.
Casting: Mephitic Cloud (mildly dangerous; 3% risk of failure)
Confirm with . or Enter, or press ? or * to list all spells.
Casting: Hailstorm (mildly dangerous; 3% risk of failure)
Press: ? - help, Dir - look around, f - activate A cannonade of hail descends around you!
The hail pelts the fire giant!
The fire giant is heavily wounded.
The phantasmal warrior hits you!
The fire giant is engulfed in freezing vapours.
The fire giant points at you and mumbles some strange words.
The bolt of fire hits you!!
* * * LOW HITPOINT WARNING * * *
The tree burns like a torch!
You take 29 damage, and have 23/112 hp.
MASSIVE DAMAGE!!
You now have 38/46 mp.
Your system partially rejects the healing.
You feel better.
The phantasmal warrior is engulfed in blazing flames.
The phantasmal warrior hits you!!
* * * LOW HITPOINT WARNING * * *
The fire giant is engulfed in freezing vapours.
The fire giant is engulfed in noxious fumes.
The fire giant appears confused.
You take 16 damage, and have 7/112 hp.
Your system partially rejects the healing.
You feel much better.
The phantasmal warrior is engulfed in blazing flames.
The phantasmal warrior hits you!!
You die...

##### ####CW§# #... ...# #§§'@§§#
#....# ...# §§§§§☼#○♣§#. #....+
..# ...# §######.♣.#..#.... ..#
...# #........#.##.... ..# ...#
#)########....#.####..#
...#♣♣♣♣♣♣♣.♣ ♣ #....#........
...#♣.......♣.♣ ♣♣#....#........
...#..≈≈≈.♣.♣.♣.≈≈.#....'........
...#♣.♣..♣♣....≈≈≈.#....#........


You could see a fire giant (confused) and a phantasmal warrior.

Vanquished Creatures
  2 orc warlords
  Snorg (Lair:6)
  The ghost of Luuwnalu the Nimble, a journeyman KoHu of Okawaru (Lair:3)
  A centaur warrior (D:14)
  11 hydras
  5 two-headed ogres
  A catoblepas (D:14)
  5 orc high priests
  A deep troll earth mage (D:14)
  2 thrashing horrors (Lair:6)
  A deep elf knight (Orc:1)
  A skeletal warrior (D:14)
  Pikel (D:7)
  A lindwurm (Lair:6)
  5 deep elf pyromancers
  An oklob plant (Lair:5)
  5 orc knights (Orc:2)
  A manticore (D:12)
  4 orc sorcerers
  6 ugly things
  4 cyclopes
  3 black mambas
  3 merfolk sirens (Lair:4)
  Maurice (Orc:1)
  The ghost of themarg the Summoner, a novice TeSu of Kikubaaqudgha (D:5)
  16 elephants
  A smoke demon (Lair:6)
  2 gargoyles
  Maggie (D:7)
  15 cane toads
  An unseen horror (D:11)
  12 komodo dragons
  2 rime drakes
  An efreet (D:14)
  3 ancient zymes (Lair:6)
  8 trolls
  A meliai (shapeshifter) (Lair:6)
  3 meliai (D:14)
  A troll (shapeshifter) (Lair:6)
  2 polar bears
  A merfolk (Lair:4)
  25 blink frogs
  A raiju (shapeshifter) (D:14)
  11 dream sheep
  7 wyverns
  2 spriggans (Lair:6)
  2 vampires (D:12)
  A ynoxinul (Lair:6)
  A large abomination (Lair:6)
  A wraith (D:10)
  4 culicivoras (Lair:4)
  59 yaks
  A water elemental (D:12)
  8 basilisks
  2 chaos spawn (Lair:6)
  A steam dragon (D:9)
  15 vampire mosquitoes
  A warg (Orc:1)
  Menkaure (D:6)
  An acid dragon (D:11)
  Duvessa (D:7)
  2 sky beasts (D:7)
  12 water moccasins
  4 ice beasts
  38 orc warriors
  4 black bears
  A hornet zombie (D:4)
  11 ogres
  35 wolves
  6 centaurs
  A lemure (D:7)
  A phantom (D:5)
  3 kobold brigands (Sewer)
  13 bullfrogs
  2 scorpions
  2 wyvern skeletons
  3 water moccasin skeletons
  Dowan (D:7)
  7 small abominations (Lair:6)
  11 killer bees
  5 howler monkeys
  3 electric eels
  2 bullfrog zombies
  A centaur zombie (D:4)
  A bullfrog skeleton (D:5)
  13 jellies
  6 hounds
  22 orc priests
  2 gnoll shamans
  45 orc wizards
  3 iguanas
  Natasha (thrice) (D:4)
  A howler monkey skeleton (D:7)
  2 river rats (Sewer)
  7 adders
  10 gnolls
  A shadow imp (D:6)
  A white imp (D:4)
  3 worms
  4 dart slugs
  71 orcs
  5 endoplasms
  8 giant cockroaches
  6 goblins
  12 hobgoblins
  2 jackals (D:1)
  11 kobolds
  9 quokkas
  5 ball pythons
  6 bats
  4 frilled lizards
  8 rats
722 creatures vanquished.

Vanquished Creatures (collateral kills)
  An ettin (D:14)
  A centaur warrior (D:13)
  A death yak (Lair:4)
  A torpor snail (Lair:4)
  2 cane toads
  A freezing wraith (D:14)
  2 blink frogs (Lair:6)
  3 yaks (D:11)
  A shadow (D:10)
  A steam dragon (D:9)
  A phantom (D:6)
  2 centaur zombies
  An orc wizard (Orc:2)
  2 orcs
20 creatures vanquished.

Vanquished Creatures (others)
  A centaur warrior (D:14)
  A sea snake (shapeshifter) (Lair:6)
  A troll (D:14)
  A dream sheep (Lair:5)
  A blink frog (Lair:6)
  2 wolves (Lair:5)
  2 centaurs
  An electric eel (D:10)
  80 jellies
  An orc priest (D:8)
  5 orc wizards
  2 howler monkey zombies
  A white imp (D:6)
  A worm (D:3)
  12 orcs
  A bat (D:3)
  2 endoplasms (Lair:5)
  A quokka (D:3)
  101 fungi
  111 plants
328 creatures vanquished.

Grand Total: 1070 creatures vanquished

Notes
Turn   | Place    | Note
-------+----------+-------------------------------------------
     0 | D:1      | mdonais the Octopode Hedge Wizard began the quest for the
                  | Orb.
     0 | D:1      | Reached XP level 1. HP: 11/11 MP: 4/4
   180 | D:1      | Reached XP level 2. HP: 18/18 MP: 6/6
   366 | D:1      | Reached skill level 1 in Fighting
   541 | D:1      | Reached XP level 3. HP: 20/23 MP: 7/7
   544 | D:1      | Reached skill level 1 in Polearms
   567 | D:1      | Learned a level 2 spell: Blink
   571 | D:1      | Learned a level 3 spell: Mephitic Cloud
  1185 | D:2      | Reached skill level 1 in Poison Magic
  1425 | D:2      | Reached XP level 4. HP: 20/28 MP: 5/8
  1830 | D:2      | Found a faded altar of an unknown god.
  2526 | D:3      | Found a blossoming altar of Fedhas.
  2768 | D:3      | Reached skill level 1 in Air Magic
  2768 | D:3      | Reached XP level 5. HP: 8/33 MP: 2/9
  2916 | D:3      | Found a glowing drain.
  2920 | Sewer    | Entered a sewer
  3116 | Sewer    | Noticed a kobold brigand
  3137 | Sewer    | Killed a kobold brigand
  3138 | Sewer    | Reached XP level 6. HP: 39/39 MP: 6/10
  3714 | Sewer    | Identified a scroll of acquirement
  4132 | D:4      | Reached XP level 7. HP: 35/45 MP: 1/12
  4207 | D:4      | Learned a level 2 spell: Poisonous Vapours
  4210 | D:4      | Learned a level 2 spell: Call Imp
  4317 | D:4      | Found a stormy altar of Qazlal.
  4411 | D:4      | Noticed Natasha
  4415 | D:4      | Killed Natasha
  4432 | D:4      | Noticed Natasha
  4436 | D:4      | Killed Natasha
  4438 | D:4      | Found a sparkling altar of Nemelex Xobeh.
  4625 | D:4      | Noticed Natasha
  4630 | D:4      | Killed Natasha
  5171 | D:4      | Reached skill level 5 in Poison Magic
  5286 | D:4      | Reached XP level 8. HP: 26/51 MP: 9/13
  5619 | D:4      | Reached skill level 1 in Evocations
  5952 | D:5      | Entered Level 5 of the Dungeon
  6279 | D:5      | Found a runed translucent door.
  6279 | D:5      | Noticed themarg's ghost (novice TeSu)
  6647 | D:5      | Reached skill level 5 in Conjurations
  7027 | D:5      | Acquired a +3 trident of venom
  7523 | D:5      | Reached XP level 9. HP: 44/57 MP: 10/15
  9379 | D:6      | Noticed Menkaure
  9380 | D:6      | Found a staircase to the Ecumenical Temple.
  9385 | Temple   | Entered the Ecumenical Temple
  9400 | Temple   | Became a worshipper of Jiyva Joqo the Shapeless
  9533 | D:6      | Learned a level 3 spell: Conjure Flame
  9575 | D:6      | Killed Menkaure
  9614 | D:6      | Reached skill level 1 in Fire Magic
 10048 | D:6      | Found a sacrificial altar of Ru.
 10075 | D:6      | Found a burning altar of Makhleb.
 10076 | D:6      | Found a glowing silver altar of Zin.
 10077 | D:6      | Noticed an angel
 10077 | D:6      | Noticed a cacodemon
 10185 | D:7      | Reached * piety under Jiyva
 10189 | D:7      | Noticed a gargoyle
 10224 | D:7      | Found a shimmering blue altar of Sif Muna.
 10244 | D:7      | Reached skill level 5 in Spellcasting
 10246 | D:7      | Got Sif Muna's Collected Works on Poisoning
 10362 | D:7      | Reached ** piety under Jiyva
 10388 | D:7      | Noticed Maggie
 10418 | D:7      | Noticed Dowan
 10421 | D:7      | Noticed Duvessa
 10423 | D:7      | Killed Maggie
 10424 | D:7      | Reached skill level 5 in Summonings
 10435 | D:7      | Killed Dowan
 10440 | D:7      | Killed Duvessa
 10441 | D:7      | Reached XP level 10. HP: 65/65 MP: 13/18
 10466 | D:7      | Reached skill level 5 in Fighting
 10795 | D:7      | Reached *** piety under Jiyva
 10972 | D:7      | Gained mutation: Your flesh is cold resistant. (rC+)
                  | [Jiyva's grace]
 10972 | D:7      | Gained mutation: Your flesh is very cold resistant. (rC++)
                  | [Jiyva's grace]
 10972 | D:7      | Gained mutation: Your flesh is almost immune to the effects
                  | of cold. (rC+++) [Jiyva's grace]
 10972 | D:7      | Gained mutation: Your muscles are strong. (Str +2) [Jiyva's
                  | grace]
 10979 | D:7      | Noticed Pikel
 10994 | D:7      | Killed Pikel
 11443 | D:7      | Killed a gargoyle
 11444 | D:7      | Reached skill level 5 in Stealth
 11765 | D:8      | Found a white marble altar of Elyvilon.
 11837 | D:8      | Found a staircase to the Lair.
 11846 | D:8      | Reached **** piety under Jiyva
 11963 | D:8      | Reached skill level 5 in Dodging
 11966 | D:8      | Found a glowing golden altar of the Shining One.
 12015 | D:8      | Reached skill level 5 in Polearms
 12181 | D:9      | Reached XP level 11. HP: 58/74 MP: 20/20
 12410 | D:9      | Reached ***** piety under Jiyva
 12420 | D:9      | Noticed a two-headed ogre
 12434 | D:9      | Killed a two-headed ogre
 12435 | D:9      | Reached skill level 2 in Shields
 12671 | D:9      | Reached skill level 3 in Shields
 12705 | D:9      | Lost mutation: Your flesh is almost immune to the effects
                  | of cold. (rC+++) [Jiyva's grace]
 12705 | D:9      | Gained mutation: You expend magic power (3 MP) to
                  | strengthen your wands. [Jiyva's grace]
 12705 | D:9      | Gained mutation: Armour fits poorly on your pseudopods.
                  | [Jiyva's grace]
 12705 | D:9      | Gained mutation: Armour fits poorly on your large
                  | pseudopods. [Jiyva's grace]
 12705 | D:9      | Gained mutation: Armour fits poorly on your massive
                  | pseudopods. [Jiyva's grace]
 12825 | D:10     | Entered Level 10 of the Dungeon
 12841 | D:10     | Reached skill level 4 in Shields
 12919 | D:10     | Found a radiant altar of Vehumet.
 12940 | D:10     | Found a snail-covered altar of Cheibriados.
 13186 | D:10     | Reached skill level 5 in Shields
 13207 | D:10     | Noticed a two-headed ogre
 13216 | D:10     | Killed a two-headed ogre
 13219 | D:10     | Found an opulent altar of Gozag.
 13369 | D:10     | Found a hazy altar of Hepliaklqana.
 13472 | D:11     | Noticed a cyan ugly thing
 13481 | D:11     | Killed a cyan ugly thing
 13482 | D:11     | Reached skill level 6 in Shields
 13503 | D:11     | Noticed a white ugly thing
 13517 | D:11     | Killed a white ugly thing
 13518 | D:11     | Reached skill level 7 in Shields
 13556 | D:11     | You fall into a shaft and drop 2 floors!
 13556 | D:13     | Noticed a cyclops
 13564 | D:13     | Killed a cyclops
 13567 | D:13     | Noticed a centaur warrior
 13573 | D:13     | Killed a centaur warrior
 13574 | D:13     | Reached XP level 12. HP: 39/82 MP: 14/21
 13575 | D:13     | Noticed a two-headed ogre
 13582 | D:13     | Killed a two-headed ogre
 13619 | D:13     | Reached ****** piety under Jiyva
 13715 | D:13     | Noticed a four-headed hydra
 13727 | D:13     | Reached skill level 8 in Shields
 13869 | D:12     | Noticed a five-headed hydra
 13985 | D:11     | Noticed a two-headed ogre
 14000 | D:11     | Killed a two-headed ogre
 14025 | D:11     | Found Hiycvoso's Book Boutique.
 14334 | Lair:1   | Entered Level 1 of the Lair of Beasts
 14403 | Lair:1   | Lost mutation: Your flesh is very cold resistant. (rC++)
                  | [Jiyva's grace]
 14403 | Lair:1   | Lost mutation: Armour fits poorly on your massive
                  | pseudopods. [Jiyva's grace]
 14403 | Lair:1   | Gained mutation: You are robust. (+10% HP) [Jiyva's grace]
 14403 | Lair:1   | Gained mutation: You are very robust. (+20% HP) [Jiyva's
                  | grace]
 14403 | Lair:1   | Gained mutation: You are extremely robust. (+30% HP)
                  | [Jiyva's grace]
 14403 | Lair:1   | Gained mutation: One of your tentacles bears a spike.
                  | [Jiyva's grace]
 14804 | Lair:1   | Reached skill level 9 in Shields
 15380 | Lair:2   | Noticed an eight-headed hydra
 15405 | Lair:2   | Killed an eight-headed hydra
 15538 | Lair:2   | Reached XP level 13. HP: 117/117 MP: 22/22
 15569 | Lair:2   | Learned a level 1 spell: Apportation
 15572 | Lair:2   | Noticed croobank's ghost (journeyman DrTm)
 15576 | Lair:2   | Found a transporter.
 15653 | Lair:2   | Lost mutation: You are extremely robust. (+30% HP) [Jiyva's
                  | grace]
 15653 | Lair:2   | Lost mutation: Your muscles are strong. (Str +2) [Jiyva's
                  | grace]
 15653 | Lair:2   | Lost mutation: Armour fits poorly on your large pseudopods.
                  | [Jiyva's grace]
 15653 | Lair:2   | Lost mutation: Armour fits poorly on your pseudopods.
                  | [Jiyva's grace]
 15653 | Lair:2   | Gained mutation: You possess an exceptional clarity of
                  | mind. [Jiyva's grace]
 15653 | Lair:2   | Gained mutation: Your flesh is very cold resistant. (rC++)
                  | [Jiyva's grace]
 15653 | Lair:2   | Gained mutation: Your flesh is almost immune to the effects
                  | of cold. (rC+++) [Jiyva's grace]
 15653 | Lair:2   | Gained mutation: You passively dampen the noise of your
                  | surroundings. [Jiyva's grace]
 15674 | Lair:2   | Found a shimmering altar of Xom.
 15705 | Lair:2   | Reached skill level 10 in Shields
 15975 | Lair:2   | Found a transporter.
 16416 | Lair:3   | Reached skill level 10 in Fighting
 16643 | Lair:3   | Found a runed translucent gate.
 16643 | Lair:3   | Found a runed translucent gate.
 16644 | Lair:3   | Found a runed translucent gate.
 16646 | Lair:3   | Noticed Luuwnalu's ghost (journeyman KoHu)
 16653 | Lair:3   | Lost mutation: Your flesh is almost immune to the effects
                  | of cold. (rC+++) [Jiyva's grace]
 16653 | Lair:3   | Lost mutation: You are very robust. (+20% HP) [Jiyva's
                  | grace]
 16653 | Lair:3   | Lost mutation: You passively dampen the noise of your
                  | surroundings. [Jiyva's grace]
 16653 | Lair:3   | Gained mutation: You are agile. (Dex +2) [Jiyva's grace]
 16653 | Lair:3   | Gained mutation: You are very agile. (Dex +4) [Jiyva's
                  | grace]
 16653 | Lair:3   | Gained mutation: Your system is resistant to poisons.
                  | (rPois) [Jiyva's grace]
 16653 | Lair:3   | Gained mutation: You are covered in slimy tendrils that may
                  | disarm your opponents. [Jiyva's grace]
 17400 | Lair:4   | Found a staircase to the Shoals.
 17752 | Lair:4   | Found a hole to the Spider Nest.
 18192 | Lair:5   | Reached XP level 14. HP: 108/108 MP: 24/24
 18224 | Lair:5   | Reached skill level 5 in Evocations
 18582 | Lair:5   | Found a runed translucent door.
 18582 | Lair:5   | Found a viscous altar of Jiyva.
 18586 | Lair:5   | Found a staircase to the Slime Pits.
 18719 | Lair:5   | Lost mutation: One of your tentacles bears a spike.
                  | [Jiyva's grace]
 18719 | Lair:5   | Lost mutation: You are robust. (+10% HP) [Jiyva's grace]
 18719 | Lair:5   | Gained mutation: Your spells are a little harder to cast,
                  | but a little more powerful. [Jiyva's grace]
 18719 | Lair:5   | Gained mutation: Your spells are harder to cast, but more
                  | powerful. [Jiyva's grace]
 18719 | Lair:5   | Gained mutation: Your spells are much harder to cast, but
                  | much more powerful. [Jiyva's grace]
 18719 | Lair:5   | Gained mutation: You have a small jelly attached to you
                  | that may absorb projectiles. [Jiyva's grace]
 19164 | Slime:1  | Entered Level 1 of the Pits of Slime
 19164 | Slime:1  | Noticed a quicksilver ooze
 19169 | Slime:2  | Noticed a rockslime
 19172 | Slime:2  | Noticed an acid blob
 19232 | Slime:3  | Noticed an acid blob
 19272 | Slime:3  | Noticed a rockslime
 19291 | Slime:3  | Noticed an acid blob
 19383 | Slime:4  | Noticed an azure jelly
 19388 | Slime:4  | Noticed a rockslime
 19399 | Slime:4  | Noticed a quicksilver ooze
 19401 | Slime:4  | Noticed a rockslime
 19405 | Slime:4  | Noticed a quicksilver ooze
 19463 | Slime:4  | Noticed a quicksilver ooze
 19524 | Slime:5  | Entered Level 5 of the Pits of Slime
 19535 | Slime:5  | Found a viscous altar of Jiyva.
 19537 | Slime:5  | Noticed an acid blob
 19537 | Slime:5  | Noticed an acid blob
 19537 | Slime:5  | Noticed an acid blob
 19538 | Slime:5  | Noticed a quicksilver ooze
 19540 | Slime:5  | Noticed a quicksilver ooze
 19540 | Slime:5  | Noticed a rockslime
 19541 | Slime:5  | Noticed an acid blob
 19541 | Slime:5  | Noticed an acid blob
 19542 | Slime:5  | Noticed a rockslime
 19543 | Slime:5  | Noticed the Royal Jelly
 19543 | Slime:5  | Noticed a quicksilver ooze
 19544 | Slime:5  | Noticed an acid blob
 19546 | Slime:5  | Noticed an acid blob
 19546 | Slime:5  | Noticed an acid blob
 19555 | Slime:5  | Identified the +8 hand crossbow of Fedhas {flame, Dex+2}
 19558 | Slime:5  | Got a slimy rune of Zot
 19560 | Slime:5  | Identified the +4 hunting sling of Springtime {venom, rN+++
                  | SInv Stlth+}
 19564 | Slime:5  | Identified the +1 leather armour "Ykhy" {rElec rF+}
 19572 | Slime:5  | Identified the ring "Bulemu" {MP+9 Str+4}
 19583 | Slime:5  | Noticed an acid blob
 19587 | Slime:5  | Noticed a quicksilver ooze
 19602 | Slime:5  | Noticed a quicksilver ooze
 19761 | Slime:5  | Noticed a rockslime
 19968 | Slime:2  | Noticed an acid blob
 20098 | Slime:1  | Noticed a rockslime
 20117 | Lair:6   | Entered Level 6 of the Lair of Beasts
 20167 | Lair:5   | HP: 1/99 [elephant (14)]
 20348 | Lair:6   | Reached skill level 11 in Shields
 20467 | Lair:6   | Identified the ring "Oxuet" {Wiz Dex+2}
 20476 | Lair:6   | Learned a level 5 spell: Freezing Cloud
 20515 | Lair:6   | Reached skill level 1 in Ice Magic
 20849 | Lair:6   | Noticed Snorg
 20874 | Lair:6   | Killed Snorg
 20875 | Lair:6   | Reached skill level 5 in Ice Magic
 20942 | Lair:6   | Reached skill level 5 in Air Magic
 21069 | Lair:6   | Found a corrupted altar of Lugonu.
 21069 | Lair:6   | Found a one-way gate to the infinite horrors of the Abyss.
 21084 | Lair:6   | Reached XP level 15. HP: 57/106 MP: 25/25
 21332 | Lair:6   | Identified the ring of Vanity {rPois rCorr Str+7 Int-2
                  | Slay+4}
 21611 | Lair:3   | Killed Luuwnalu's ghost
 21649 | Lair:2   | Learned a level 4 spell: Hailstorm
 21910 | D:5      | Killed themarg's ghost
 22021 | D:12     | Found Remonten's Distillery.
 22171 | D:12     | Found a staircase to the Orcish Mines.
 22225 | D:12     | Found Fapom's Armour Shop.
 22259 | D:12     | Found Lair Dua's Armour Boutique.
 22286 | D:12     | Found an ornate altar of the Wu Jian Council.
 22348 | D:12     | Found Kuunk's Antique Armour Shop.
 22489 | D:12     | Found Ohowas's Book Shop.
 22622 | D:13     | Lost mutation: You are very agile. (Dex +4) [Jiyva's grace]
 22622 | D:13     | Lost mutation: You are agile. (Dex +2) [Jiyva's grace]
 22622 | D:13     | Lost mutation: You possess an exceptional clarity of mind.
                  | [Jiyva's grace]
 22622 | D:13     | Lost mutation: Your flesh is very cold resistant. (rC++)
                  | [Jiyva's grace]
 22622 | D:13     | Lost mutation: Your flesh is cold resistant. (rC+) [Jiyva's
                  | grace]
 22622 | D:13     | Gained mutation: You are partially covered in iridescent
                  | scales. (AC +2) [Jiyva's grace]
 22622 | D:13     | Gained mutation: You are mostly covered in iridescent
                  | scales. (AC +4) [Jiyva's grace]
 22622 | D:13     | Gained mutation: You are completely covered in iridescent
                  | scales. (AC +6) [Jiyva's grace]
 22622 | D:13     | Gained mutation: Your melee attacks may engulf your foes in
                  | ooze. [Jiyva's grace]
 22826 | Orc:1    | Entered Level 1 of the Orcish Mines
 23008 | Orc:1    | Noticed an orc warlord
 23017 | Orc:1    | Killed an orc warlord
 23338 | Orc:2    | Entered Level 2 of the Orcish Mines
 23358 | Orc:2    | Found a staircase to the Elven Halls.
 23494 | Orc:2    | Found Polledo's Distillery.
 23711 | Orc:2    | Gained mutation: Potions are less effective at restoring
                  | your health. [a neqoxec]
 23718 | Orc:2    | Noticed an orc warlord
 23731 | Orc:2    | Killed an orc warlord
 23877 | Orc:2    | Found Piyt's General Store.
 23878 | Orc:2    | Found Resoixuk's Book Emporium.
 23881 | Orc:2    | Found Zeqieg's Antique Armour Emporium.
 23881 | Orc:2    | Found Quavenial's Antique Weapon Shoppe.
 24133 | Orc:1    | Noticed Maurice
 24136 | Orc:1    | Killed Maurice
 24237 | Orc:2    | Bought a book of the Earth for 468 gold pieces
 24244 | Orc:2    | Learned a level 6 spell: Statue Form
 24459 | D:14     | Found a white marble altar of Elyvilon.
 24633 | D:14     | Found a gate to the Vaults.
 24663 | D:14     | Reached XP level 16. HP: 111/112 MP: 28/28
 24723 | D:14     | Reached skill level 12 in Shields
 24725 | D:14     | Mangled by a phantasmal warrior

Illustrated notes

Levels and vault maps discovered:
D:1:      lightli_iron_boxes, layout_basic, grunt_decor_mini_mirrors,
          minmay_statues_item, minmay_hedge_maze
D:2:      layout_rooms, chequers_ecumenical_altar_simple_redux, st_stairs_7
D:3:      layout_rooms, mainiacjoe_overflow_tiny_flanked,
          gup_sewer_entry_spiral, lemuel_old_faithful
D:4:      layout_basic, lemuel_tele_altar, grunt_qazlal_clouds, uniq_natasha
D:5:      layout_loops_corners, hellmonk_ghost_happy_afterlife
D:6:      layout_basic, grunt_temple_overflow_order_and_chaos_2,
          mainiacjoe_overflow_catwalk, minmay_temple_entry_purple_smoke,
          uniq_menkaure
D:7:      layout_layer_cave, led_sif_book, uniq_maggie, uniq_duvessa, uniq_pikel
D:8:      layout_rooms, lemuel_crystal_altar, nicolae_overflow_crystal_walls,
          dpeg_oklobed_lair
D:9:      layout_irregular_city
D:10:     layout_basic, mainiacjoe_overflow_surrounded_room,
          mainiacjoe_overflow_catch_the_wave, kennysheep_mini_moat
D:11:     layout_rooms, serial_shops, nicolae_lakefront_shop,
          kennysheep_generic_room_7
D:12:     layout_rooms, erik_orc_2, serial_shops, nicolae_diamond_shop,
          nicolae_square_shop, nicolae_shop_stone, nicolae_square_shop,
          nicolae_shop_stone, nicolae_wu_jian_immortal_techniques
D:13:     layout_cross
D:14:     nzn_winding_woodlands_small
          [nzn_winding_woodlands_5x15_river_crossing,
          nzn_winding_woodlands_center_lodge,
          nzn_winding_woodlands_5x15_pathside_ponds], layout_gridville,
          david_vaults_4, nicolae_two_hexagons, elyvilon_altar_3
Temple:   pf_slime_end_temple
Lair:1:   layout_cave_shapes, infiniplex_staircase_pool_2, grunt_megastairs_4
Lair:2:   layout_regular_city, nzn_ghost_randoct, lemuel_centaur_altar
Lair:3:   layout_regular_city, ebering_ghost_rock_garden, beast_lair_carwin_2,
          grunt_megastairs_2, serial_bayou_shore_b, serial_bayou_shore_b
Lair:4:   layout_loops_ring, elwin_shoals_entry_stream,
          hellmonk_spider_entry_life_and_decay
Lair:5:   layout_cave_pods, slime_altar_2, st_stairs_10,
          grunt_forest_large_clearings
Lair:6:   hellmonk_lair_end_abyssal_woods, layout_long_grid, uniq_snorg
Slime:1:  layout_caves, cheibrodos_slime_lost_civilization_6
Slime:2:  layout_caves
Slime:3:  layout_caves
Slime:4:  layout_caves
Slime:5
Orc:1:    layout_diamond_mine, basic_altar, elf_legates, uniq_maurice
Orc:2:    st_orc_congregation, layout_caves, serial_shops, shop

Skill      XL: |  1  2  3  4  5  6  7  8  9 10 11 12 13 14 15 16 |
---------------+-------------------------------------------------+-----
Stealth        | 3 4 5 6 7 |  7.0
Conjurations   | 2 3 4 5 7 8 |  8.0
Fighting       | 1 2 3 4 6 8 9 10 11 | 11.2
Polearms       | 1 2 4 5 7 8 9 |  9.5
Poison Magic   | 1 2 3 5 6 |  6.0
Air Magic      | 1 2 3 5 6 |  6.0
Spellcasting   | 4 5 6 7 8 |  8.3
Evocations     | 3 4 5 6 |  6.5
Summonings     | 3 5 |  5.0
Translocations | 2 3 |  3.0
Fire Magic     | 3 |  3.0
Dodging        | 3 6 8 9 |  9.6
Shields        | 7 9 10 11 12 | 12.1
Ice Magic      | 6 9 |  9.6

Action                   |  1- 3 |  4- 6 |  7- 9 | 10-12 | 13-15 | 16-18 || total
-------------------------+-------+-------+-------+-------+-------+-------++-------
Melee: Spear             |    61 |    73 |   104 |       |       |       ||   238
       Constrict         |     5 |    13 |    35 |    47 |   108 |     2 ||   210
       Tentacles         |     3 |    19 |    49 |    96 |   211 |     6 ||   384
       Punch             |     2 |       |     3 |     9 |    10 |     1 ||    25
       Trident           |       |       |   114 |   442 |   812 |    12 ||  1380
       Pseudopods        |       |       |       |    72 |     1 |       ||    73
       Kick              |       |       |       |    71 |   123 |       ||   194
Throw: Dart              |       |     3 |       |       |       |       ||     3
       Boomerang         |       |       |       |       |     3 |       ||     3
 Cast: Magic Dart        |    34 |   100 |    81 |    16 |    16 |       ||   247
       Mephitic Cloud    |       |     2 |    11 |    53 |    57 |     1 ||   124
       Poisonous Vapours |       |       |    41 |    48 |   179 |       ||   268
       Call Imp          |       |       |    19 |    12 |     5 |       ||    36
       Conjure Flame     |       |       |     1 |     6 |     6 |       ||    13
       Blink             |       |       |       |     3 |     8 |       ||    11
       Freezing Cloud    |       |       |       |       |   106 |     2 ||   108
       Apportation       |       |       |       |       |    16 |       ||    16
       Hailstorm         |       |       |       |       |     2 |     1 ||     3
Invok: Oozemancy         |       |       |       |     1 |     2 |       ||     3
Evoke: Wand              |       |       |     6 |     4 |       |       ||    10
       Condenser vane    |       |       |       |       |     1 |       ||     1
       Lightning rod     |       |       |       |       |     2 |       ||     2
  Use: Scroll            |       |     4 |     7 |     6 |     5 |       ||    22
       Potion            |       |       |     5 |     1 |     2 |     2 ||    10
 Stab: Sleeping          |    12 |     8 |     7 |     3 |     7 |       ||    37
       Confused          |       |       |     4 |    39 |    60 |       ||   103
       Distracted        |       |       |       |     2 |     4 |       ||     6
Armor: Skin              |     3 |     3 |    10 |    12 |    17 |       ||    45
Dodge: Dodged            |    13 |    24 |   110 |   224 |   340 |     3 ||   714
Block: Kite shield       |       |       |       |   166 |   430 |     5 ||   601
